 Dungeon Crawl Stone Soup version 0.25-a0-98-g0cf78c2f83 (webtiles) character file.

Game seed: 6875354452425016684, levelgen mode: deterministic

28269 Eurus the Basher (level 13, -12/80 HPs)
             Began as a Gargoyle Earth Elementalist on Nov 12, 2019.
             Was a High Priest of Vehumet.
             Mangled by a freezing wraith (19 damage)
             ... on level 1 of the Abyss on Nov 13, 2019.
             The game lasted 01:57:45 (21209 turns).

Eurus the Basher (Gargoyle Earth Elementalist)     Turns: 21209, Time: 01:57:46

Health: -12/80     AC: 17    Str: 12    XL:     13   Next: 37%
Magic:  25/25      EV: 10    Int: 21    God:    Vehumet [*****.]
Gold:   962        SH: 10    Dex: 10    Spells: 6/28 levels left

rFire    . . .     SeeInvis .   I - +0 morningstar
rCold    . . .     Gourm    .   x - +0 shield
rNeg     + . .     Faith    .   P - +0 troll leather armour
rPois    ∞         Spirit   .   (no helmet)
rElec    +         Reflect  .   E - +0 cloak
rCorr    .         Harm     .   p - +1 pair of gloves
MR       .....                  (no boots)
Stlth    +++.......             h - amulet of regeneration
HPRegen  1.03/turn              F - ring "Quasoup" {rElec Stlth+}
MPRegen  0.19/turn              w - +1 ring of protection

@: slowed, very slow
A: negative energy resistance 1, electricity resistance, unbreathing,
petrification resistance, rot immunity, AC +9
a: Renounce Religion


You were on level 1 of the Abyss.
You worshipped Vehumet.
Vehumet was extremely pleased with you.
You were not hungry.

You visited 4 branches of the dungeon, and saw 19 of its levels.
You visited the Abyss 1 time.

You collected 962 gold pieces.

Inventory:

Hand Weapons
 o - a +1 short sword of speed
 I - a +0 morningstar (weapon)
Missiles
 u - 55 stones (quivered)
Armour
 c - a +0 robe
 p - a +1 pair of gloves (worn)
 x - a +0 shield (worn)
 E - a +0 cloak (worn)
 P - a +0 troll leather armour (worn)
 Q - a +0 robe of fire resistance
Magical Staves
 k - an uncursed staff of energy
Jewellery
 h - an amulet of regeneration (around neck)
 w - a +1 ring of protection (right hand)
 y - an uncursed ring of positive energy
 A - an uncursed amulet of the gourmand
 F - the ring "Quasoup" (left hand) {rElec Stlth+}
   (You found it on level 10 of the Dungeon)

   [ring of stealth]

   It insulates you from electricity.
   It makes you more stealthy.
 N - a +2 ring of strength
 R - a +3 ring of dexterity {unknown}
Wands
 g - a wand of digging (9)
 r - a wand of paralysis (12)
 s - a wand of flame (39)
 B - a wand of enslavement (25)
 L - a wand of disintegration (11)
Scrolls
 a - 2 scrolls of fog
 b - a scroll of teleportation
 f - 4 scrolls of identify
 j - 2 scrolls of enchant armour
 l - 3 scrolls of remove curse
 m - 2 scrolls of amnesia
 t - a scroll of magic mapping
 C - 2 scrolls of fear
 G - 2 scrolls of blinking
 H - a scroll of brand weapon
 J - a scroll of enchant weapon
 K - 3 scrolls of torment
 M - a scroll of holy word
Potions
 e - 5 potions of heal wounds
 i - a potion of berserk rage
 n - a potion of flight
 q - 3 potions of curing
 v - 3 potions of haste
 z - 2 potions of cancellation
 D - 4 potions of agility
Comestibles
 d - 19 rations


   Skills:
 + Level 9.4 Fighting
 + Level 10.4 Maces & Flails
 - Level 1.5 Dodging
 - Level 2.1 Stealth
 + Level 8.6 Shields
 + Level 8.2 Spellcasting
 + Level 8.9 Conjurations
 - Level 3.0 Transmutations
 + Level 7.0 Fire Magic
 - Level 10.0 Earth Magic


You had 6 spell levels left.
You knew the following spells:

 Your Spells              Type           Power        Failure   Level  Hunger
a - Sandblast             Erth           ######       1%          1    None
b - Passwall              Tmut/Erth      #####...     2%          2    None
c - Stone Arrow           Conj/Erth      #####.       1%          3    None
d - Sting                 Conj/Pois      ####         1%          1    None
e - Throw Flame           Conj/Fire      #####.       1%          2    None
f - Fireball              Conj/Fire      #####.....   7%          5    #####..
g - Lee's Rapid Deconstr  Erth           ######....   3%          5    #####..
h - Static Discharge      Conj/Air       ####....     3%          3    None

Your spell library contained the following spells:

 Spells                   Type           Power        Failure   Level  Hunger
 Orb of Destruction       Conj           #####.....   73%         7    #######
 Shock                    Conj/Air       ####         1%          1    None
 Inner Flame              Hex/Fire       ###.....     4%          3    None
 Petrify                  Tmut/Erth      #####...     16%         4    ###....
 Corona                   Hex            #......      24%         1    None
 Lightning Bolt           Conj/Air       ####......   26%         5    #####..
 Leda's Liquefaction      Hex/Erth       ####......   30%         4    ###....
 Slow                     Hex            #.......     34%         2    None
 Swiftness                Chrm/Air       #.......     34%         2    None
 Airstrike                Air            #.........   50%         4    ###....
 Portal Projectile        Hex/Tloc       #.....       56%         3    None
 Cause Fear               Hex            #.........   93%         4    ###....


Dungeon Overview and Level Annotations

Branches:
Dungeon (13/15)            Temple (1/1) D:7            Lair (4/6) D:10
  Swamp (0/4) Lair:3          Orc (1/2) D:9
  Snake: Lair:2-4    Spider: Lair:2-4    Vaults: D:13-14

Altars:
Ashenzari
Cheibriados
Dithmenos
Elyvilon
Fedhas
Gozag
Hepliaklqana
Kikubaaqudgha
Makhleb
Nemelex Xobeh
Okawaru
Qazlal
Ru
Sif Muna
Trog
Uskayaw
Vehumet
Wu Jian
Xom
Yredelemnul
Zin
The Shining One

Annotations:
D:9 5 transporters, Grum
D:12 2 transporters, Darhocko's ghost, journeyman DgEE
D:13 exclusions: manticore and slime creature, Erolcha
Lair:4 Nessos; Sonja


Innate Abilities, Weirdness & Mutations

You are resistant to torment.
Your stone body is resilient. (AC +9)
You are immune to poison.
You resist negative energy. (rN+)
You are resistant to electric shocks. (rElec)
You can survive without breathing.
You are immune to petrification.
You are immune to rotting.


Message History

The freezing wraith closely misses you. x2
You closely miss the freezing wraith.
The freezing wraith is severely damaged.
You block the freezing wraith's attack. The freezing wraith hits you.
* * * LOW HITPOINT WARNING * * *
The freezing wraith drains your vigour!
You feel as though you will be slow longer.
You hit the freezing wraith but do no damage.
The freezing wraith is severely damaged.
The freezing wraith hits you but does no damage. x2
The large abomination hits you!
* * * LOW HITPOINT WARNING * * *
The freezing wraith misses you.
The freezing wraith hits you but does no damage.
You hit the freezing wraith.
The freezing wraith is severely damaged.
The freezing wraith hits you.
* * * LOW HITPOINT WARNING * * *
The freezing wraith freezes you!!
You die...

## # .#. .#.
.. .# ..# #.
###
.....#W##.##
#..X@.#.##
#..#.#.....###
. .
#..###....##
##....
#.....#.....##
....# ###.....
...#.... #.
.......... ..
. . . ...#
.##........ ..
..#. . ......
... #. .
...........#..


You could see a large abomination and a freezing wraith.

Vanquished Creatures
  Josephine (D:10)
  A hydra (Lair:3)
  2 two-headed ogres
  A centaur warrior (D:12)
  Urug (D:10)
  A wolf spider (Lair:3)
  A manticore (D:13)
  A deep elf mage (D:12)
  A black mamba (Lair:1)
  Maurice (D:9)
  A kobold demonologist (D:11)
  12 spiny frogs
  A komodo dragon (Lair:2)
  3 trolls
  A hornet (Lair:3)
  A bog body (Lair:3)
  4 slime creatures
  3 blink frogs
  5 hippogriffs
  Sigmund (D:6)
  A shadow (D:13)
  5 wraiths
  A vampire (D:12)
  A wyvern (D:12)
  25 yaks
  3 basilisks
  4 hungry ghosts
  A soldier ant (D:9)
  An acid dragon (D:11)
  5 water moccasins
  7 porcupines
  4 sky beasts
  7 orc warriors
  A swamp drake (D:9)
  3 black bears
  4 ice beasts
  4 phantoms
  6 ogres
  A necrophage (D:13)
  9 wolves
  8 centaurs
  7 crocodiles
  5 big kobolds
  8 bullfrogs
  4 scorpions
  A howler monkey (D:8)
  2 crimson imps (D:10)
  A bullfrog zombie (D:5)
  A quasit (D:13)
  2 centaur skeletons (D:10)
  8 hounds
  5 jellies (D:10)
  2 bullfrog skeletons
  5 orc priests
  17 orc wizards
  6 iguanas
  Natasha (twice) (D:4)
  7 worker ants
  2 hound zombies
  2 hound skeletons
  2 worker ant zombies
  17 adders
  4 shadow imps
  19 oozes
  An adder zombie (D:8)
  4 worms
  2 dart slugs
  4 leopard geckos
  56 orcs
  17 bats
  4 giant cockroaches
  7 goblins
  7 hobgoblins
  12 jackals
  29 kobolds
  2 quokkas
  2 ball pythons (D:1)
  6 frilled lizards
  A quokka skeleton (D:8)
  12 rats
439 creatures vanquished.

Vanquished Creatures (others)
  21 fungi
  38 plants
59 creatures vanquished.

Grand Total: 498 creatures vanquished

Notes
Turn   | Place    | Note
-------+----------+-------------------------------------------
     0 | D:1      | Eurus the Gargoyle Earth Elementalist began the quest for
                  | the Orb.
     0 | D:1      | Reached XP level 1. HP: 10/10 MP: 3/3
   162 | D:1      | Reached XP level 2. HP: 16/16 MP: 3/5
   303 | D:1      | Reached skill level 1 in Fighting
   454 | D:1      | Learned a level 2 spell: Passwall
   456 | D:1      | Reached XP level 3. HP: 18/20 MP: 4/6
  1176 | D:2      | Reached XP level 4. HP: 26/26 MP: 6/8
  1215 | D:2      | Reached skill level 1 in Transmutations
  1220 | D:2      | Found an ornate altar of the Wu Jian Council.
  1354 | D:2      | Learned a level 3 spell: Stone Arrow
  2279 | D:2      | Reached XP level 5. HP: 31/31 MP: 7/9
  2487 | D:3      | Found a sparkling altar of Nemelex Xobeh.
  2487 | D:3      | Found an opulent altar of Gozag.
  2547 | D:3      | Noticed a black bear
  2661 | D:3      | Found an iron altar of Okawaru.
  3101 | D:4      | Reached skill level 5 in Earth Magic
  3197 | D:4      | Noticed an ogre
  3288 | D:4      | Reached XP level 6. HP: 37/37 MP: 8/11
  3432 | D:4      | Noticed Natasha
  3444 | D:4      | Killed Natasha
  3558 | D:4      | Noticed Natasha
  3565 | D:4      | Killed Natasha
  3891 | D:5      | Entered Level 5 of the Dungeon
  3892 | D:5      | Reached skill level 1 in Conjurations
  3943 | D:5      | Noticed an ice beast
  4898 | D:6      | Reached XP level 7. HP: 41/41 MP: 9/12
  4916 | D:6      | Reached skill level 1 in Maces & Flails
  5051 | D:6      | Noticed Sigmund
  5223 | D:6      | Reached skill level 1 in Shields
  5309 | D:7      | Found a glowing golden altar of the Shining One.
  5543 | D:7      | Found an ancient bone altar of Kikubaaqudgha.
  5544 | D:7      | Found a bloodstained altar of Trog.
  5689 | D:7      | Found a staircase to the Ecumenical Temple.
  5698 | Temple   | Entered the Ecumenical Temple
  5793 | Temple   | Became a worshipper of Vehumet
  5905 | D:7      | Reached XP level 8. HP: 36/48 MP: 10/14
  6874 | D:8      | Reached * piety under Vehumet
  6874 | D:8      | Offered knowledge of Sting by Vehumet.
  6885 | D:8      | Learned a level 1 spell: Sting
  7001 | D:8      | Reached XP level 9. HP: 47/52 MP: 15/15
  7034 | D:8      | Noticed a two-headed ogre
  7269 | D:7      | Reached skill level 5 in Fighting
  7755 | D:3      | Reached skill level 5 in Maces & Flails
  8020 | D:5      | Found a stormy altar of Qazlal.
  8037 | D:5      | Reached skill level 5 in Spellcasting
  8189 | D:6      | Killed Sigmund
  8601 | D:9      | Found a transporter.
  8601 | D:9      | Found a transporter.
  8611 | D:9      | Noticed Maurice
  8676 | D:9      | Found a transporter.
  8678 | D:9      | Noticed a frost giant
  8693 | D:9      | Noticed a troll
  8884 | D:9      | Found a staircase to the Orcish Mines.
  8919 | D:9      | Reached ** piety under Vehumet
  8919 | D:9      | Offered knowledge of Flame Tongue by Vehumet.
  9060 | D:9      | Found a transporter.
  9061 | D:9      | Noticed Grum
  9120 | D:9      | Reached skill level 5 in Conjurations
  9120 | D:9      | Reached XP level 10. HP: 51/60 MP: 18/18
  9140 | D:9      | Reached skill level 5 in Shields
  9333 | D:9      | Noticed a two-headed ogre
  9350 | D:10     | Entered Level 10 of the Dungeon
  9406 | D:10     | Noticed Urug
  9574 | D:9      | Found a blossoming altar of Fedhas.
  9593 | D:9      | Found a transporter.
  9882 | D:9      | Killed Maurice
 10002 | D:9      | Killed a two-headed ogre
 10170 | D:10     | Offered knowledge of Throw Flame by Vehumet.
 10174 | D:10     | Learned a level 2 spell: Throw Flame
 10428 | D:10     | Reached skill level 1 in Fire Magic
 10493 | D:10     | Found a snail-covered altar of Cheibriados.
 10517 | D:10     | Reached *** piety under Vehumet
 10610 | D:10     | Found a staircase to the Lair.
 10648 | D:10     | Got a sparkling marble ring
 10751 | D:10     | Reached XP level 11. HP: 66/66 MP: 20/20
 10889 | D:10     | HP: 1/66 [yak (4)]
 11015 | D:10     | Offered knowledge of Force Lance by Vehumet.
 11346 | D:10     | Killed Urug
 11446 | D:10     | Reached **** piety under Vehumet
 11710 | D:10     | Got a scintillating iron ring
 11850 | D:10     | Learned a level 4 spell: Force Lance
 11861 | D:10     | Learned a level 5 spell: Lee's Rapid Deconstruction
 11895 | D:11     | Offered knowledge of Static Discharge by Vehumet.
 11942 | D:11     | Noticed a two-headed ogre
 11956 | D:11     | Killed a two-headed ogre
 11987 | D:11     | Identified the ring "Paet" {*Tele *Drain rN+ Str+3} (You
                  | found it on level 10 of the Dungeon)
 11989 | D:11     | Identified the ring "Quasoup" {rElec Stlth+} (You found it
                  | on level 10 of the Dungeon)
 12179 | Lair:1   | Entered Level 1 of the Lair of Beasts
 13318 | Lair:2   | Reached XP level 12. HP: 61/73 MP: 18/22
 13380 | Lair:2   | Reached skill level 5 in Fire Magic
 13769 | Lair:2   | Learned a level 3 spell: Static Discharge
 13840 | Lair:2   | Reached ***** piety under Vehumet
 14483 | Lair:3   | Found a staircase to the Swamp.
 14845 | Lair:3   | Offered knowledge of Fireball by Vehumet.
 15216 | Lair:3   | Noticed an eight-headed hydra
 15354 | Lair:3   | Upgraded the game from 0.25-a0-96-g4073cf80fb to
                  | 0.25-a0-98-g0cf78c2f83
 15380 | Lair:3   | Killed an eight-headed hydra
 15392 | Lair:3   | Reached skill level 10 in Earth Magic
 15401 | Lair:3   | Learned a level 5 spell: Fireball
 15659 | Lair:4   | Noticed Nessos
 15721 | Lair:4   | Noticed Sonja
 16138 | Orc:1    | Entered Level 1 of the Orcish Mines
 16138 | Orc:1    | Noticed an ettin
 16689 | D:11     | Noticed Josephine
 16764 | D:10     | Killed Josephine
 16764 | D:10     | Reached skill level 10 in Maces & Flails
 17416 | D:11     | Reached XP level 13. HP: 80/80 MP: 16/24
 17431 | D:12     | Found an iron altar of Okawaru.
 18802 | D:12     | Offered knowledge of Orb of Destruction by Vehumet.
 19003 | D:12     | Noticed Darhocko's ghost (journeyman DgEE)
 19027 | D:12     | Found a transporter.
 19031 | D:12     | Found a transporter.
 19377 | D:13     | Noticed Erolcha
 21080 | Lair:4   | Cast into level 1 of the Abyss (Sonja)
 21080 | Abyss:1  | Found a corrupted altar of Lugonu.
 21209 | Abyss:1  | Mangled by a freezing wraith

Levels and vault maps discovered:
D:1:      nzn_arrival_depleted_hourglass, layout_basic
D:2:      layout_basic, lemuel_round_altar, grunt_decor_one_mirror
D:3:      layout_rooms, grunt_temple_overflow_opulence, lemuel_doored_altar,
          first_ration
D:4:      layout_gridville, uniq_natasha
D:5:      layout_loops_cross, nicolae_overflow_hidden_temple
D:6:      layout_rooms, uniq_sigmund
D:7:      layout_basic, overflow_temple_1_default, grunt_temple_overflow_open,
          minmay_temple_entry_tees
D:8:      layout_cave_pools
D:9:      gammafunk_the_bubble [the_bubble_gammafunk_roulette], layout_basic,
          fedhas_altar_2, erik_orc_1, uniq_maurice, uniq_grum
D:10:     lemuel_slime, layout_loops_cross, lair_entry_dummy, basic_altar,
          uniq_urug
D:11:     layout_small_grid, uniq_josephine
D:12:     layout_basic, gammafunk_ghost_hive, serial_curves, eino_curves_04,
          eino_curves_04, basic_altar
D:13:     layout_irregular_city, uniq_erolcha
Temple:   nicolae_temple_god_jail
Lair:1:   statuecave_lemuel, layout_chaotic_city, grunt_megastairs_2
Lair:2:   layout_cave_pods
Lair:3:   minmay_lair_venomous_thicket, layout_loops_ring,
          skrybe_swamp_entry_bodies, beast_lair_carwin_4, serial_bayou_shore_b,
          lemuel_fruit_fields
Lair:4:   layout_cave_pods, spider_nest_entry_webs, uniq_sonja, uniq_nessos
Orc:1:    layout_caves, uniq_nergalle
Abyss:1:  base:
Lair:1

Skill      XL: |  1  2  3  4  5  6  7  8  9 10 11 12 13 |
---------------+----------------------------------------+-----
Earth Magic    | 4 5 6 7 8 9 10 | 10.0
Fighting       | 1 2 3 4 5 6 7 8 9 |  9.4
Transmutations | 1 2 3 |  3.0
Spellcasting   | 3 4 5 6 7 8 |  8.2
Conjurations   | 1 2 3 5 6 7 8 |  8.9
Maces & Flails | 2 4 6 7 9 10 | 10.4
Shields        | 1 3 4 5 6 8 |  8.6
Fire Magic     | 1 4 6 7 |  7.0
Dodging        | |  1.5
Stealth        | |  2.1

Action                   |  1- 3 |  4- 6 |  7- 9 | 10-12 | 13-15 || total
-------------------------+-------+-------+-------+-------+-------++-------
Melee: Unarmed           |     8 |       |       |       |       ||     8
       Club              |    39 |    78 |       |       |       ||   117
       Short sword       |       |   140 |    95 |       |       ||   235
       Mace              |       |       |   259 |   311 |       ||   570
       Morningstar       |       |       |       |   237 |    66 ||   303
Throw: Stone             |     1 |     3 |     2 |     1 |       ||     7
 Cast: Sandblast         |    45 |    61 |   141 |   225 |    11 ||   483
       Stone Arrow       |       |     3 |     6 |    61 |    41 ||   111
       Sting             |       |       |       |    14 |       ||    14
       Throw Flame       |       |       |       |    71 |   120 ||   191
       Passwall          |       |       |       |     1 |       ||     1
       Fireball          |       |       |       |       |     4 ||     4
  Use: Scroll            |       |     4 |    14 |     8 |     4 ||    30
       Potion            |       |       |     2 |     4 |       ||     6
 Stab: Sleeping          |       |     2 |     2 |     1 |       ||     5
  Eat: Chunk             |     1 |    13 |    10 |    26 |    10 ||    60
       Ration            |       |       |     1 |     3 |     1 ||     5
Armor: Robe              |    26 |    82 |   215 |   240 |    39 ||   602
       Skin              |       |       |    16 |       |       ||    16
       Troll leather arm |       |       |       |       |    15 ||    15
Dodge: Dodged            |    64 |   147 |   278 |   239 |    41 ||   769
Block: Shield            |       |       |       |   239 |    41 ||   280

Table legend:
 A = Non-vault XP
 B = Vault XP
 C = Vault XP percentage of total XP
 D = Non-vault monster count
 E = Vault monster count
 F = Vault count percentage of total count
                 A         B        C        D         E       F
            +---------+---------+-------+---------+---------+-------
      Total |   32040 |    8345 |  20.7 |     372 |      67 |  15.3
            +---------+---------+-------+---------+---------+-------
        D:1 |      62 |       0 |   0.0 |      36 |       0 |   0.0
        D:2 |     108 |       0 |   0.0 |      35 |       0 |   0.0
        D:3 |     160 |       0 |   0.0 |      13 |       0 |   0.0
        D:4 |     358 |      35 |   8.9 |       9 |       1 |  10.0
        D:5 |     291 |       0 |   0.0 |      17 |       0 |   0.0
        D:6 |     173 |     220 |  56.0 |      14 |       1 |   6.7
        D:7 |    1251 |       0 |   0.0 |      33 |       0 |   0.0
        D:8 |     999 |       0 |   0.0 |      27 |       0 |   0.0
        D:9 |    3767 |    1293 |  25.6 |      28 |      19 |  40.4
       D:10 |    3652 |    2232 |  37.9 |      29 |      24 |  45.3
       D:11 |    3301 |     613 |  15.7 |      37 |       3 |   7.5
       D:12 |    4500 |       0 |   0.0 |      31 |       0 |   0.0
       D:13 |    2004 |       0 |   0.0 |      12 |       0 |   0.0
     Lair:1 |    2389 |     870 |  26.7 |      11 |       2 |  15.4
     Lair:2 |    4300 |       0 |   0.0 |      19 |       0 |   0.0
     Lair:3 |    2993 |    3082 |  50.7 |      13 |      17 |  56.7
     Lair:4 |    1732 |       0 |   0.0 |       8 |       0 |   0.0
            +---------+---------+-------+---------+---------+-------
